Map: Heavy Artillery LE

Players

qqq

  • Race: Zerg Zerg
  • League: Platinum
  • Spawn Location: 1:00

Massa

  • Race: Terran Terran
  • League: Platinum
  • Spawn Location: 3:00

PatchZerg - Winner!

  • Race: Protoss Protoss
  • Spawn Location: 7:00

gameofdrones - Winner!

  • Race: Terran Terran
  • Spawn Location: 7:00

VOD

Have the link to the VOD?

Description

Time

  • Played on: Dec. 3, 2020, 4:45 p.m.
  • Length: 12:04
Show
View Real Time Build Order
Export as new Build Order

qqq Zerg 

Build Orders: Hatch First 

Get SALT Encoding   

  12  0:00  Drone  
  13  0:08  Drone  
  14  0:22  Overlord  
  14  0:42  Hatchery  
  13  0:47  Drone  
  14  0:50  Drone  
  14  0:55  Drone  
  16  0:59  Drone  
  17  1:06  Extractor  
  16  1:19  Spawning Pool  
  15  1:32  Drone x2  
  17  1:33  Drone  
  18  1:48  Drone  
  19  1:57  Extractor  
  18  2:02  Drone  
  18  2:03  Drone  
  18  2:05  Overlord  
  18  2:08  Queen  
  22  2:20  Queen  
  22  2:21  Drone  
  25  2:24  Drone  
  26  2:30  Metabolic Boost  
  26  2:33  Zergling x2  
  28  2:37  Zergling x2  
  28  2:40  Drone  
  28  2:42  Drone  
  30  2:48  Zergling x2  
  30  2:49  Zergling x2  
  32  2:57  Zergling x2  
  33  3:01  Zergling x2  
  34  3:06  Lair, Zergling x2  
  34  3:11  Zergling x2  
  36  3:17  Overlord x2  
  34  3:38  Zergling x6  
  34  3:39  Drone x2  
  35  4:01  Zergling x8  
  35  4:02  Zergling x2  
  38  4:06  Queen  
  38  4:07  Queen  
  40  4:12  Spire  
  33  4:18  Drone x2  
  35  4:28  Drone  
  29  4:48  Drone x3  
  29  4:49  Drone x3  
  35  4:54  Extractor  
  18  5:36  Drone  
  18  5:37  Drone x2  
  18  5:38  Drone x3  
  18  5:42  Extractor  
  23  5:52  Zergling x2  
  23  5:54  Drone  
  23  5:55  Hatchery  
  24  5:57  Overseer  
  24  5:58  Mutalisk  
  26  6:08  Drone  
  25  6:26  Drone x2  
  25  6:27  Mutalisk  
  28  6:35  Drone  
  27  6:46  Drone x2  
  26  6:56  Drone x2  
  28  7:02  Drone  
  28  7:08  Drone  
  30  7:11  Drone  
  31  7:22  Drone x2  
  33  7:24  Drone  
  33  7:27  Drone  
  35  7:45  Drone x2  
  35  7:46  Drone x4  
  41  7:51  Mutalisk  
  43  8:01  Overlord  
  43  8:02  Drone x2  
  45  8:08  Drone x2  
  43  8:23  Corruptor  
  45  8:32  Drone x2  
  45  8:33  Mutalisk, Corruptor  
  45  8:34  Spore Crawler  
  50  8:45  Overlord  
  46  8:49  Mutalisk  
  46  8:50  Drone  
  46  8:51  Drone x5  
  46  8:54  Spore Crawler  
  53  9:02  Drone  
  53  9:03  Drone  
  53  9:08  Drone x4  
  53  9:09  Drone x3  
  60  9:18  Drone  
  60  9:19  Corruptor  
  63  9:27  Extractor  
  62  9:35  Drone x2, Spore Crawler x2  
  62  9:36  Drone  
  63  9:40  Corruptor  
  63  9:43  Extractor x2  
  63  9:44  Zerg Flyer Weapons Level 1  
  63  9:45  Drone  
  63  9:46  Drone x2  
  63  9:47  Overlord x2  
  64  10:04  Corruptor  
  64  10:05  Drone  
  64  10:06  Drone x3  
  70  10:11  Infestation Pit  
  63  10:33  Mutalisk  
  63  10:34  Corruptor  
  65  10:36  Drone x5  
  53  10:57  Hatchery  
  46  11:09  Corruptor x2  
  46  11:11  Drone x3  
  31  11:34  Drone  
  31  11:35  Drone x6  
  31  11:36  Drone x2  
  40  11:50  Hatchery  
Show
View Real Time Build Order
Export as new Build Order

Massa Terran 

Build Orders: 2 Factory 

Get SALT Encoding   

  12  0:00  SCV  
  13  0:12  SCV  
  14  0:21  Supply Depot  
  14  0:24  SCV  
  15  0:43  SCV  
  15  0:45  Barracks  
  16  0:50  Refinery  
  16  0:55  SCV  
  17  1:07  SCV  
  18  1:19  SCV  
  19  1:31  SCV  
  20  1:50  Orbital Command  
  20  1:51  Command Center  
  20  1:52  Supply Depot  
  20  1:54  Reaper  
  21  2:17  Factory  
  21  2:22  SCV  
  22  2:29  Marine  
  23  2:34  Supply Depot  
  23  2:37  SCV  
  24  3:18  Factory Tech Lab  
  24  3:19  Barracks Reactor  
  24  3:24  Factory  
  24  3:26  SCV  
  26  3:30  Orbital Command  
  25  3:34  Command Center  
  25  3:38  SCV, Engineering Bay  
  26  3:42  Refinery  
  26  3:50  SCV, Supply Depot  
  27  3:57  Marine x2  
  28  4:03  Missile Turret  
  26  4:12  SCV x2  
  26  4:13  Missile Turret  
  28  4:18  Factory Reactor  
  28  4:24  SCV x2  
  28  4:29  Starport  
  26  4:40  Marine x2  
  26  4:45  Siege Tank  
  28  4:47  SCV x2  
  30  4:58  Marine x2  
  30  4:59  SCV  
  36  5:00  Widow Mine, SCV  
  34  5:11  SCV  
  34  5:12  SCV  
  33  5:20  Marine x2  
  35  5:24  SCV x2  
  37  5:35  Siege Tank  
  37  5:36  Widow Mine, SCV x2  
  37  5:38  Widow Mine, Marine  
  37  5:39  Marine  
  48  5:56  Marine  
  41  6:22  SCV  
  41  6:23  SCV  
  41  6:31  Starport Reactor, Missile Turret  
  40  6:33  Marine x2  
  40  6:35  Widow Mine, SCV x2  
  40  6:38  Widow Mine x2  
  51  6:47  SCV x2  
  51  6:49  Refinery  
  51  6:51  Marine x2  
  51  6:52  Refinery  
  51  6:53  SCV  
  55  6:57  Widow Mine  
  55  6:59  Widow Mine, SCV x2  
  61  7:04  Widow Mine  
  61  7:05  SCV  
  64  7:09  Marine x2, Medivac  
  68  7:18  Widow Mine  
  68  7:21  Widow Mine  
  72  7:40  Widow Mine  
  72  8:02  Armory  
  72  8:05  SCV x3, Missile Turret  
  72  8:08  Supply Depot  
  72  8:10  Supply Depot  
  71  8:17  SCV x2  
  71  8:18  Medivac  
  71  8:19  Medivac  
  77  8:30  Widow Mine  
  69  8:51  Siege Tank  
  69  8:55  Missile Turret  
  72  9:07  Missile Turret x2  
  72  9:13  Barracks  
  72  9:15  Barracks  
  72  9:23  Siege Tank  
  75  9:43  Barracks Reactor  
  71  9:56  Widow Mine  
  73  10:05  SCV x2  
  75  10:14  Barracks Tech Lab x2  
  75  10:17  SCV x2  
  77  10:29  SCV, Marine x2  
  77  10:30  SCV  
  81  10:41  SCV  
  81  10:42  SCV  
  83  10:47  Marine x2  
  84  10:53  SCV  
  84  10:54  SCV  
  86  11:01  Marauder x2  
  87  11:04  Siege Tank  
  87  11:05  Marine x2  
  87  11:08  Factory  
  85  11:14  Planetary Fortress  
  82  11:21  Missile Turret  
  82  11:23  Marauder x2  
  85  11:42  Missile Turret  
  89  11:54  Factory Reactor  
Show
View Real Time Build Order
Export as new Build Order

PatchZerg Protoss - Winner!

Build Orders: 1 Gate Expand, Oracle Opening, Carriers 

Get SALT Encoding   

  12  0:00  Probe  
  13  0:12  Probe  
  14  0:17  Pylon  
  14  0:24  Probe (Chrono Boost)  
  16  0:37  Probe (Chrono Boost)  
  16  0:39  Gateway  
  16  0:42  Probe (Chrono Boost)  
  16  0:48  Assimilator  
  17  0:52  Probe  
  18  1:07  Probe  
  19  1:19  Probe  
  19  1:31  Probe  
  19  1:32  Nexus  
  20  1:44  Probe  
  20  1:45  Cybernetics Core  
  21  1:50  Assimilator  
  21  1:56  Probe  
  22  2:04  Pylon  
  22  2:08  Probe  
  23  2:22  Probe (Chrono Boost)  
  24  2:25  Pylon, Stargate  
  24  2:29  Warp Gate  
  24  2:34  Probe (Chrono Boost)  
  25  2:43  Probe (Chrono Boost), Stalker (Chrono Boost)  
  28  2:48  Probe  
  29  3:05  Oracle (Chrono Boost)  
  29  3:10  Probe  
  33  3:18  Stalker  
  35  3:20  Probe  
  35  3:22  Probe  
  35  3:23  Assimilator  
  37  3:27  Assimilator  
  37  3:32  Probe  
  37  3:33  Oracle (Chrono Boost)  
  38  3:34  Probe  
  38  3:37  Pylon  
  42  3:44  Probe  
  42  3:46  Probe  
  44  3:56  Probe  
  44  3:58  Probe  
  46  4:08  Probe  
  47  4:11  Probe, Oracle (Chrono Boost)  
  51  4:20  Probe  
  51  4:23  Probe  
  53  4:32  Probe  
  53  4:35  Probe  
  55  4:44  Probe  
  56  4:47  Probe  
  57  4:55  Twilight Council  
  57  4:56  Probe, Robotics Facility  
  57  4:59  Probe  
  59  5:09  Probe  
  59  5:11  Probe  
  59  5:14  Nexus  
  61  5:16  Pylon  
  61  5:21  Probe  
  59  5:23  Probe  
  59  5:26  Phoenix  
  59  5:29  Stargate  
  59  5:33  Probe  
  61  5:35  Probe  
  61  5:40  Forge  
  61  5:42  Forge  
  61  5:44  Observer  
  61  5:45  Probe, Pylon  
  61  5:47  Probe  
  61  5:49  Pylon  
  64  5:51  Phoenix  
  66  5:57  Probe  
  66  5:59  Probe  
  68  6:08  Warp Prism  
  68  6:09  Probe  
  68  6:11  Blink  
  68  6:12  Probe (Chrono Boost)  
  68  6:15  Phoenix (Chrono Boost)  
  71  6:21  Probe (Chrono Boost), Assimilator  
  71  6:23  Assimilator  
  71  6:24  Protoss Shields Level 1  
  73  6:25  Pylon  
  73  6:30  Probe (Chrono Boost)  
  73  6:31  Pylon  
  73  6:32  Probe x2 (Chrono Boost)  
  75  6:33  Pylon  
  75  6:36  Probe (Chrono Boost), Phoenix (Chrono Boost)  
  75  6:37  Probe (Chrono Boost)  
  80  6:40  Probe  
  80  6:48  Probe  
  81  6:57  Phoenix x2 (Chrono Boost)  
  85  7:12  Probe x2  
  85  7:13  Fleet Beacon  
  87  7:17  Phoenix (Chrono Boost)  
  89  7:26  Phoenix, Nexus  
  91  7:30  Assimilator  
  91  7:34  Assimilator  
  91  7:37  Phoenix  
  93  7:38  Pylon  
  93  7:41  Pylon  
  89  7:45  Pylon  
  89  7:51  Phoenix  
  87  8:01  Phoenix  
  89  8:16  Phoenix  
  91  8:26  Phoenix  
  93  8:41  Phoenix (Chrono Boost)  
  95  8:47  Probe  
  95  8:53  Stargate  
  95  8:54  Phoenix (Chrono Boost)  
  95  8:55  Stargate  
  97  9:01  Phoenix (Chrono Boost)  
  97  9:02  Probe  
  100  9:04  Protoss Ground Weapons Level 1, Protoss Shields Level 2  
  100  9:08  Warp Prism  
  102  9:19  Shield Battery  
  102  9:21  Shield Battery  
  102  9:23  Shield Battery  
  102  9:28  Photon Cannon  
  102  9:29  Photon Cannon  
  102  9:31  Photon Cannon  
  102  9:34  Photon Cannon, Carrier x3 (Chrono Boost)  
  102  9:36  Photon Cannon  
  120  9:41  Photon Cannon  
  104  9:53  Carrier (Chrono Boost)  
  110  10:17  Cybernetics Core  
  110  10:18  Pylon  
  110  10:20  Probe  
  110  10:21  Probe, Carrier x2 (Chrono Boost)  
  112  10:22  Pylon  
  112  10:24  Anion Pulse-Crystals (Chrono Boost)  
  124  10:40  Carrier (Chrono Boost)  
  130  10:54  Observer  
  136  11:07  Tempest (Chrono Boost)  
  136  11:16  Observer  
  143  11:24  Nexus  
  148  11:27  Assimilator  
  148  11:29  Stargate  
  148  11:31  Assimilator  
  148  11:33  Pylon  
  148  11:36  Pylon  
  148  11:40  Pylon  
  148  11:43  Pylon  
Show
View Real Time Build Order
Export as new Build Order

gameofdrones Terran - Winner!

Build Orders: Hellion Banshee 

Get SALT Encoding   

  12  0:00  SCV  
  13  0:12  SCV  
  14  0:17  Supply Depot  
  14  0:25  SCV  
  15  0:30  Refinery  
  15  0:38  SCV  
  16  0:44  Barracks  
  16  0:50  SCV  
  17  1:02  SCV  
  18  1:14  SCV  
  19  1:31  Orbital Command, Marine  
  20  1:53  Command Center  
  20  1:58  SCV  
  20  1:59  Barracks Reactor  
  21  2:03  Factory  
  21  2:07  Supply Depot  
  21  2:10  SCV  
  22  2:25  SCV  
  23  2:37  SCV  
  24  2:49  Starport  
  24  2:56  Hellion x2, Marine  
  28  3:01  SCV  
  29  3:17  Barracks Tech Lab  
  29  3:18  Hellion  
  31  3:20  SCV, Hellion  
  31  3:21  Orbital Command  
  31  3:26  Medivac  
  36  3:31  Refinery  
  36  3:32  SCV  
  37  3:44  SCV  
  38  3:49  Hellion x2  
  42  4:01  SCV x2  
  44  4:04  Command Center  
  44  4:13  SCV x2  
  43  4:19  Cloaking Field, Factory Reactor  
  43  4:21  Banshee  
  46  4:27  SCV  
  46  4:29  Barracks  
  46  4:30  Barracks Tech Lab  
  46  4:35  Barracks  
  46  4:48  Supply Depot  
  46  4:49  Engineering Bay  
  46  4:50  Engineering Bay, Stimpack  
  46  4:58  Supply Depot  
  46  5:09  Banshee, SCV x2  
  51  5:22  SCV  
  51  5:27  SCV  
  52  5:28  Orbital Command  
  52  5:30  Missile Turret  
  52  5:34  SCV  
  52  5:37  Marine x3  
  52  5:38  Marine  
  52  5:39  SCV  
  52  5:41  Barracks  
  52  5:42  Barracks  
  57  5:44  Factory Reactor  
  57  5:46  Terran Infantry Weapons Level 1  
  57  5:48  Terran Infantry Armor Level 1  
  51  5:57  Marine x4  
  51  5:58  Marine  
  51  6:01  SCV x2  
  51  6:03  Refinery  
  58  6:15  Marine  
  59  6:19  Marine  
  59  6:20  Marine x3  
  59  6:21  SCV  
  64  6:27  Refinery, Supply Depot  
  64  6:31  Barracks Reactor x2  
  64  6:33  SCV x2, Marine  
  64  6:37  Factory, Marine  
  68  6:45  SCV, Marine  
  68  6:46  Marine x2, Siege Tank  
  75  6:48  SCV  
  75  6:52  Orbital Command, Marine  
  74  6:54  Supply Depot  
  74  6:55  Marine, Medivac, Supply Depot  
  74  6:57  SCV  
  74  7:00  SCV  
  79  7:03  Marine x2  
  79  7:04  Marine  
  82  7:09  SCV  
  82  7:10  Missile Turret, Supply Depot x2  
  82  7:12  SCV  
  82  7:14  Marine  
  85  7:15  Marine x2  
  85  7:22  SCV  
  88  7:26  SCV x2, Marine, Missile Turret  
  88  7:27  Marine  
  92  7:30  Factory Tech Lab  
  92  7:33  Marine x2  
  92  7:34  SCV, Combat Shield  
  95  7:38  SCV, Medivac  
  95  7:42  Marine  
  95  7:43  Supply Depot  
  99  7:44  Supply Depot  
  99  7:47  SCV, Supply Depot  
  99  7:49  Missile Turret  
  99  7:50  Marine x2  
  99  7:51  Marine x2  
  103  7:57  Armory  
  103  7:58  SCV x2  
  106  8:07  Marine x2  
  106  8:08  Marine  
  106  8:11  SCV x2  
  106  8:12  Marine x2  
  113  8:15  Missile Turret  
  113  8:18  Marine, Missile Turret  
  113  8:19  Marine, Medivac  
  117  8:20  Medivac  
  117  8:23  Marine x2  
  117  8:24  SCV  
  122  8:36  Marine  
  122  8:37  Marine x6  
  122  8:41  Missile Turret  
  128  8:44  Marine  
  128  8:45  Terran Infantry Armor Level 2, Terran Infantry Weapons Level 2  
  128  8:46  SCV  
  127  8:50  Refinery x2  
  127  8:55  Supply Depot  
  127  8:56  Marine  
  127  8:57  Marine, Terran Vehicle Weapons Level 1  
  127  8:59  Marine x2  
  131  9:07  Marine x2  
  131  9:08  Marine x2  
  131  9:09  SCV  
  133  9:10  Medivac x2  
  133  9:14  Supply Depot  
  133  9:15  Supply Depot  
  133  9:16  Supply Depot  
  137  9:23  Marine x3  
  137  9:24  Marauder  
  142  9:27  Command Center  
  142  9:32  Marine  
  142  9:33  Marine x3  
  142  9:35  SCV  
  147  9:49  Marauder, Marine x4  
  153  9:58  Marine x4  
  157  10:07  Marine  
  157  10:08  SCV, Barracks  
  157  10:09  Barracks  
  157  10:10  Barracks  
  157  10:11  Marauder  
  161  10:21  Marine x2  
  161  10:22  Marine  
  161  10:25  SCV  
  165  10:32  Marauder, Marine x2  
  167  10:39  Marine x3  
  167  10:53  Marine x3  
  167  10:54  Marauder, Marine  
  159  11:17  Marine x5  
  159  11:18  Marauder  
  164  11:32  Marine x2  
  156  11:34  SCV  
  156  11:37  Barracks Tech Lab x2  
  156  11:38  Barracks Tech Lab  
  156  11:39  Marauder  
  144  11:42  Ghost Academy  
  144  11:43  Ghost Academy x2  
  144  11:44  Marine  
  144  11:45  Marine, Ghost Academy  
  144  11:46  Ghost Academy  
  144  11:47  Ghost Academy  
  146  11:49  Ghost Academy  
Tags
 
Add a new tag
Caveats
  • Supply blocks, unpowered buildings, or Contaminate may cause inaccurate times.
  • Supply counts are checked every 10 seconds.